 Dungeon Crawl Stone Soup version 0.30-a0-1043-g60ff8d5f49 (webtiles) character file.

Game seed: 9468218169364312836

760 DeathPants the Stinger (level 7, -8/55 HPs)
             Began as a Naga Venom Mage on Apr 9, 2023.
             Engulfed by a steam dragon's steam (23 damage)
             ... on level 9 of the Dungeon.
             The game lasted 00:16:38 (4325 turns).

DeathPants the Stinger (Naga Venom Mage)            Turns: 4325, Time: 00:16:39

Health: -8/55      AC:  4    Str: 11    XL:     7   Next: 80%
Magic:  12/12      EV:  9    Int: 17    God:
Gold:   330        SH:  0    Dex: 11    Spells: 3/13 levels left

rFire   . . .      SeeInvis +    a - +7 broad axe (flame)
rCold   . . .      Faith    .    (no shield)
rNeg    . . .      Spirit   .    w - +0 robe
rPois   +          Reflect  .    k - +0 helmet
rElec   .          Rampage  .    (no cloak)
rCorr   .                        (no gloves)
Will    .....                    (no barding)
Stlth   +++                      j - amulet of regeneration
HPRegen 1.09/turn                (no ring)
MPRegen 0.13/turn                (no ring)

@: mighty, very slow
A: AC +2, large, see invisible, deformed body, poison resistance, slowness 2,
spit poison 1, naga tail 1
a: Spit Poison


You were on level 9 of the Dungeon.
You visited 2 branches of the dungeon, and saw 9 of its levels.

You collected 330 gold pieces.

Inventory:

Hand Weapons
 a - a +7 broad axe of flaming (weapon)
 b - a +3 short sword of draining
Missiles
 d - 5 javelins
 m - 7 boomerangs
Armour
 k - a +0 helmet (worn)
 w - a +0 robe (worn)
Jewellery
 j - an amulet of regeneration (around neck)
 o - an amulet of magic regeneration
Wands
 s - a wand of flame (20)
 u - a wand of iceblast (3)
Scrolls
 h - a scroll of amnesia {unknown}
 i - a scroll of vulnerability
 l - a scroll of immolation {unknown}
 r - a scroll of teleportation
 x - a scroll of fog {unknown}
Potions
 c - 2 potions of cancellation
 e - a potion of haste
 f - a potion of might
 g - 7 potions of curing
 n - 2 potions of magic
 p - 3 potions of flight
 q - a potion of attraction {unknown}
 t - 3 potions of lignification
 v - 3 potions of brilliance {unknown}


   Skills:
 - Level 1.5 Dodging
 - Level 5.6 Stealth
 + Level 3.8 Spellcasting
 - Level 4.0 Conjurations
 - Level 1.0 Transmutations
 - Level 4.0 Air Magic
 - Level 6.0 Poison Magic


You had 3 spell levels left.
You knew the following spells:

 Your Spells              Type           Power      Damage    Failure   Level
a - Sting                 Tmut/Pois      60%        1d6       3%          1
b - Poisonous Vapours     Pois/Air       40%        N/A       3%          2
c - Mephitic Cloud        Conj/Pois/Air  19%        N/A       7%          3
d - Olgreb's Toxic Radia  Pois           23%        N/A       14%         4

Your spell library contained the following spells:

 Spells                   Type           Power      Damage    Failure   Level
 Slow                     Hex            12%        N/A       16%         1
 Vhi's Electric Charge    Tloc/Air       20%        N/A       22%         3
 Confusing Touch          Hex            3%         N/A       43%         3
 Vampiric Draining        Necr           3%         2d6       43%         3
 Arcjolt                  Conj/Air       8%         1d18      65%         5
 Maxwell's Capacitive Co  Air            8%         ∞         100%        8


Dungeon Overview and Level Annotations

Branches:
Dungeon (10/15)            Temple (1/1) D:5
   Lair: D:8-11         Orc: D:9-12

Altars:
Dithmenos
Elyvilon
Fedhas
Gozag
Hepliaklqana
Qazlal
Sif Muna
Uskayaw
Wu Jian
Yredelemnul
Zin

Shops:
D:5 *


Innate Abilities, Weirdness & Mutations

Your serpentine skin is tough. (AC +2)
You have supernaturally acute eyesight. (SInv)
Armour fits poorly on your strangely shaped body.
Your system is resistant to poisons. (rPois)
You cover ground very slowly.
You can spit poison.
You have a snake-like lower body.


Message History

The puff of flame misses the electric eel.
The electric eel is engulfed in a cloud of scalding steam.
The electric eel shoots out a bolt of lightning at you!
The bolt of electricity hits you!
You hear a howl! x2; You hear a bark!
Aiming: Throw Flame
Press: ? - help, Shift-Dir - straight line, f/p - electric eel
Aim: an electric eel (water, almost dead, 48% to hit)
The puff of flame misses the electric eel.
The electric eel is engulfed in a cloud of scalding steam.
You kill the electric eel!
You hear a splash.
A wolf comes into view.
Magic restored.
A hound comes into view.
A hound comes into view.
A steam dragon comes into view.
The steam dragon hisses angrily.
The hound closely misses you. The hound bites you but does no damage.
The steam dragon breathes steam at you. The ball of steam hits you!!
You feel very mighty all of a sudden. The hound bites you. x2
The hound barks!
You slice the hound!! You burn the hound.
You kill the hound!
You hear a bark!
A two-headed ogre comes into view.
It is wielding a +0 giant club and a +0 dire flail.
The hound bites you but does no damage.
You barely miss the hound. The hound completely misses you.
The hound bites you. The steam dragon breathes steam at you.
The ball of steam hits you!
* * * LOW HITPOINT WARNING * * *
You hear a howl!
The two-headed ogre shouts in stereo!
You slash the hound! You burn the hound.
The hound is almost dead.
You are engulfed in a cloud of scalding steam.
You die...

.....## #...
#....##...
#.....#.#
#..#....#
##.##...##
#+###..>....#
##...........#
#..##§§§h...##...#
.......@§.....#.##
.....§§§§D...####
#.............#
.................
..................
###.##O#.##.......
#. #.#.##....... .
....##..#....


You could see a two-headed ogre, a steam dragon (catching breath) and a hound.

Vanquished Creatures
  A hornet (D:4)
  A centaur (D:5)
  A phantom (D:4)
  A scorpion (D:5)
  An electric eel (D:9)
  A hound (D:9)
  2 jellies
  An iguana (D:4)
  4 gnolls (D:5)
  6 adders
  A shadow imp (D:5)
  An ufetubus (D:5)
  2 dart slugs
  4 orcs
  12 ball pythons
  5 endoplasms
  3 giant cockroaches
  8 goblins
  7 hobgoblins
  5 jackals
  7 kobolds
  3 quokkas
  8 bats
  6 frilled lizards
  5 rats
96 creatures vanquished.

Notes
Turn   | Place    | Note
-------+----------+-------------------------------------------
     0 | D:1      | DeathPants the Naga Venom Mage began the quest for the Orb.
     0 | D:1      | Reached XP level 1. HP: 15/15 MP: 3/3
   315 | D:1      | Reached XP level 2. HP: 19/22 MP: 3/5
   735 | D:2      | Reached skill level 5 in Stealth
   867 | D:1      | Reached XP level 3. HP: 28/28 MP: 2/6
  1247 | D:1      | Learned a level 2 spell: Poisonous Vapours
  1251 | D:1      | Learned a level 3 spell: Mephitic Cloud
  1837 | D:3      | Found a faded altar of an unknown god.
  1950 | D:3      | Reached XP level 4. HP: 36/36 MP: 4/7
  2073 | D:3      | Reached skill level 5 in Poison Magic
  2221 | D:4      | Found a basalt altar of Yredelemnul.
  2435 | D:3      | Reached skill level 6 in Poison Magic
  2436 | D:3      | Reached XP level 5. HP: 40/42 MP: 4/8
  2730 | D:3      | Identified a scroll of acquirement
  2730 | D:3      | Acquired a +6 broad axe of flaming
  2852 | D:4      | Noticed a hornet
  2858 | D:4      | Killed a hornet
  2859 | D:4      | Reached XP level 6. HP: 49/49 MP: 0/9
  2939 | D:5      | Entered Level 5 of the Dungeon
  2984 | D:4      | Reached skill level 1 in Conjurations
  3197 | D:5      | Reached XP level 7. HP: 38/55 MP: 8/10
  3808 | D:5      | Found Dini's Neck Hole.
  3986 | D:5      | Learned a level 4 spell: Olgreb's Toxic Radiance
  4165 | D:5      | Found a staircase to the Ecumenical Temple.
  4209 | Temple   | Entered the Ecumenical Temple
  4290 | D:6      | You fall into a shaft and drop 3 floors!
  4297 | D:10     | Entered Level 10 of the Dungeon
  4318 | D:9      | Noticed a steam dragon
  4323 | D:9      | Noticed a two-headed ogre
  4325 | D:9      | Engulfed by a steam dragon's steam

Illustrated notes

Levels and vault maps discovered:
D:1:      saegor_arrival_simple_c, layout_basic
D:2:      layout_rooms
D:3:      layout_basic, basic_ecumenical_altar, minmay_randomly_rotated_circles
D:4:      layout_basic, mainiacjoe_overflow_concentric_impassable
D:5:      dreamdust_elfheim, layout_rooms, minmay_temple_entry_enclosed_plants,
          nicolae_shop_sticking_my_neck_out
D:6:      layout_basic, mainiacjoe_overflow_alcove_3, uniq_grinder
D:9:      layout_cave_pools, grunt_temple_overflow_champion_of_chaos,
          old_standard_altar, erik_lair_island, minmay_diced_spiral
D:10:     kennysheep_blocky_room, layout_basic, minitemple, enter_bailey_2,
          serial_shops, nicolae_diamond_shop, st_stairs_3, lightli_wizard_tower,
          uniq_fannar, uniq_joseph
Temple:   chequers_temple_sunken

Skill      XL: |  1  2  3  4  5  6  7 |
---------------+----------------------+-----
Stealth        | 4 5 |  5.6
Poison Magic   | 6 |  6.0
Air Magic      | 4 |  4.0
Conjurations   | 2 4 |  4.0
Spellcasting   | 3 |  3.8
Dodging        | |  1.5
Transmutations | |  1.0

Action                     |  1- 3 |  4- 6 |  7- 9 || total
---------------------------+-------+-------+-------++-------
  Melee: Spear             |    28 |       |       ||    28
         Short sword       |    22 |    18 |       ||    40
         Broad axe         |       |    25 |    26 ||    51
   Cast: Sting             |    49 |    38 |    13 ||   100
         Poisonous Vapours |       |    10 |     3 ||    13
         Olgreb's Toxic Ra |       |       |     1 ||     1
Ability: Spit Poison       |       |     1 |       ||     1
  Evoke: Wand              |       |       |     3 ||     3
    Use: Scroll            |       |    12 |     1 ||    13
         Potion            |       |       |     1 ||     1
   Stab: Sleeping          |     2 |     1 |     1 ||     4
 Armour: Robe              |    14 |    31 |    18 ||    63
  Dodge: Dodged            |    53 |    36 |    31 ||   120

Table legend: (Time is in decaauts)
 A = Elapsed time spent in this place.
 B = Non-inter-level travel time spent in this place.
 C = Inter-level travel time spent in this place.
 D = Time resting spent in this place.
 E = Time spent auto-exploring this place.
 F = Levels seen in this place.
 G = Mean time per level.
                   A        B        C        D        E       F      G
               +--------+--------+--------+--------+--------+-----+--------+
         Total |   5495 |   5353 |    142 |    218 |   3606 |   9 |  610.6 |
       Dungeon |   5421 |   5279 |    142 |    218 |   3606 |   8 |  677.6 |
        Temple |     74 |     74 |      0 |      0 |      0 |   1 |   74.0 |
               +--------+--------+--------+--------+--------+-----+--------+

Top non-repeatable levels by time:
     D:1: 1500 daAuts
     D:3: 1169 daAuts
     D:4: 964 daAuts
     D:5: 924 daAuts
     D:2: 799 daAuts
  Temple: 74 daAuts
     D:9: 42 daAuts
     D:6: 18 daAuts
    D:10: 1 daAuts
